Oilers vs Jets

Created - Wednesday, December 03, 2014 at 20:08

Goals
1 2 3 OT1 SO T
Oilers 0 0 1 0 0 1
Jets 1 0 0 0 1 2
Shots
1 2 3 OT1 SO T
Oilers 3 11 17 2 3 33
Jets 6 18 9 6 2 39

1st period

1. Jets , Max Pacioretty 12 (Wayne Simmonds, Frans Nielsen) at 4:14

Penalties :
Andrew Ladd (Edm) for Roughing (Minor) at 4:59, Alexander Semin (Edm) for Hooking (Minor) at 10:33, Shane Doan (Edm) for Hooking (Minor) at 13:36

2nd period

No Goal

Penalties :
Wayne Simmonds (Wpg) for Hooking (Minor) at 1:06, Oliver Ekman-Larsson (Wpg) for Hooking (Minor) at 1:37

3rd period

2. Oilers , Ales Hemsky 5 (Darren Helm) at 1:45

Penalties :
Ryan Murray (Wpg) for Hooking (Minor) at 10:37

Overtime #1

No Goal

Penalties :
No Penalty

Shootout

Penalty Shot by Andrew Ladd for Oilers - Stopped by Sergei Bobrovsky
Penalty Shot by Wayne Simmonds for Jets - Shot Misses the Net
Penalty Shot by Nick Bonino for Oilers - Stopped by Sergei Bobrovsky
Penalty Shot by Alex Ovechkin for Jets - Goal!
Penalty Shot by Nicklas Backstrom for Oilers - Stopped by Sergei Bobrovsky

Penalties :
No Penalty

Goalie Stats

Roberto Luongo (Edm), 38 saves from 39 shots - (0.974), OTL, 11-2-4, 65:00 minutes
Sergei Bobrovsky (Wpg), 32 saves from 33 shots - (0.970), W, 16-7-1, 65:00 minutes

Players Stats for Oilers

Player Name              G  A  P  +/- PIM S  H  SB GA TA FO     MP     PP MP  PK MP  
------------------------------------------------------------------------------------
Ales Hemsky              1  0  1   0  0   3  0  0  1  0  0/1    15:04   0:00   1:04 
Alexander Edler          0  0  0  -1  0   7  1  1  0  2  0/0    23:58   0:00   2:32 
Alexander Semin          0  0  0   0  2   2  0  1  1  1  0/0    16:56   2:31   0:00 
Andrej Sekera            0  0  0  -1  0   2  0  1  1  2  0/0    26:30   2:25   2:32 
Andrew Ladd              0  0  0   0  2   1  2  2  2  1  0/0    18:36   2:04   1:23 
Andrew MacDonald         0  0  0   1  0   0  0  1  0  1  0/0    24:19   0:00   3:25 
Brayden Schenn           0  0  0   0  0   2  0  0  4  0  0/0     7:33   0:00   0:00 
Chris Stewart            0  0  0   0  0   1  1  0  1  0  0/0     7:33   0:00   0:00 
Darren Helm              0  1  1   0  0   0  0  0  4  1  1/3    18:56   1:58   3:06 
David Kolomatis          0  0  0   0  0   1  1  1  0  1  0/0    11:20   0:00   0:00 
Kimmo Timonen            0  0  0   1  0   1  2  2  0  2  0/0    27:10   2:04   3:25 
Marc Cantin              0  0  0   0  0   0  1  0  0  0  0/0    11:20   0:00   0:00 
Mikkel Boedker           0  0  0   0  0   4  2  2  0  0  1/2    18:28   1:58   0:24 
Nick Bonino              0  0  0   0  0   0  0  1  0  0  3/10   15:54   2:25   0:00 
Nicklas Backstrom        0  0  0   0  0   3  2  0  5  0  10/13  21:10   2:31   0:30 
Saku Koivu               0  0  0   0  0   0  0  0  0  0  1/3    10:29   0:00   2:21 
Shane Doan               0  0  0   0  2   5  2  0  2  0  1/4    21:00   2:31   0:00 
Vladimir Sobotka         0  0  0   0  0   1  2  0  0  2  9/15   17:44   1:58   3:06 

Players Stats for Jets

Player Name              G  A  P  +/- PIM S  H  SB GA TA FO     MP     PP MP  PK MP  
------------------------------------------------------------------------------------
Alex Killorn             0  0  0   0  0   1  2  0  0  0  0/0    15:08   0:00   0:00 
Alex Ovechkin            0  0  0   0  0   1  4  0  3  0  0/3    22:26   3:19   1:39 
Colin Wilson             0  0  0   0  0   1  1  0  0  0  0/0    10:22   0:00   0:00 
Danny DeKeyser           0  0  0  -1  0   2  1  3  0  1  0/0    17:57   0:00   1:40 
Erik Johnson             0  0  0   0  0   3  3  2  0  3  0/0    28:20   2:35   2:49 
Frans Nielsen            0  1  1   0  0   2  1  0  2  1  13/13  16:32   0:00   2:50 
John Tavares             0  0  0   0  0   3  2  0  5  0  5/18   19:05   3:19   0:00 
Kris Russell             0  0  0   1  0   1  1  2  0  0  0/0    18:43   3:22   0:00 
Kyle Turris              0  0  0   0  0   6  0  0  0  2  4/7    13:20   2:31   0:00 
Marcus Kruger            0  0  0   0  0   1  0  1  2  1  0/1    17:15   0:07   2:50 
Max Pacioretty           1  0  1   0  0   3  0  0  5  1  1/4    18:02   3:19   0:00 
Nick Bjugstad            0  0  0   0  0   1  3  0  2  0  0/0    10:35   0:00   0:00 
Oliver Ekman-Larsson     0  0  0   0  2   6  0  1  0  1  0/0    28:00   3:22   1:44 
Ryan Getzlaf             0  0  0   0  0   2  2  1  3  0  2/5    14:33   2:38   0:00 
Ryan Murray              0  0  0   1  2   0  1  1  0  0  0/0    14:45   0:00   1:04 
Teemu Selanne            0  0  0   0  0   1  0  0  1  0  0/0    10:22   0:00   0:00 
Tyler Myers              0  0  0  -1  0   1  0  2  0  2  0/0    23:12   2:35   1:40 
Wayne Simmonds           0  1  1   0  2   4  3  0  0  0  0/0    15:23   2:38   0:11 

3 Stars

1 - Roberto Luongo (Edm)
2 - Sergei Bobrovsky (Wpg)
3 - Max Pacioretty (Wpg)

Power Play

Oilers - 0 on 3 Attempt(s) - 0.00%
Jets - 0 on 3 Attempt(s) - 0.00%

Penalty Kill

Oilers - 3 on 3 Attempt(s) - 100.00% - Score 0 goal in Penalty Kill
Jets - 3 on 3 Attempt(s) - 100.00% - Score 0 goal in Penalty Kill

Official

Referees : Unknown
Linesman : Unknown

Game Notes

No Game Note

Finance

Level 1 -- Attendance: 5547 (92.45%) -- Ticket Income $482,589
Level 2 -- Attendance: 3548 (70.96%) -- Ticket Income $209,332
Level 3 -- Attendance: 1383 (69.15%) -- Ticket Income $48,405
Level 4 -- Attendance: 2841 (71.03%) -- Ticket Income $56,820
Luxury Box -- Attendance: 944 (94.40%) -- Ticket Income $158,592
Game was played at the MTS Center
Total Attendance: 14263 (79.24%)
Total Ticket Income: $955,738
Other Income: $468,312
Total Income: $1,424,050

Oilers

5 vs 5 Forward 
   Center                   Left Wing                Right Wing               Time % Phy DF OF 
 1 Nicklas Backstrom        Mikkel Boedker           Shane Doan               37     0   1  4  
 2 Nick Bonino              Andrew Ladd              Alexander Semin          33     0   1  4  
 3 Vladimir Sobotka         Darren Helm              Ales Hemsky              25     0   2  3  
 4 Saku Koivu               Brayden Schenn           Chris Stewart            5      1   2  2  

5 vs 5 Defense 
   Defense                  Defense                                           Time % Phy DF OF 
 1 Kimmo Timonen            Andrew MacDonald                                  42     1   4  0  
 2 Alexander Edler          Andrej Sekera                                     42     1   4  0  
 3 Marc Cantin              David Kolomatis                                   16     1   4  0  
 4 Kimmo Timonen            Andrew MacDonald                                  0      1   4  0  

PowerPlay Forward 
   Center                   Left Wing                Right Wing               Time % Phy DF OF 
 1 Nicklas Backstrom        Shane Doan               Alexander Semin          55     0   1  4  
 2 Vladimir Sobotka         Darren Helm              Mikkel Boedker           45     0   1  4  

PowerPlay Defense
   Defense                  Defense                                           Time % Phy DF OF 
 1 Andrej Sekera            Nick Bonino                                       50     1   2  2  
 2 Kimmo Timonen            Andrew Ladd                                       50     1   2  2  

Penalty Kill 4 Players Forward 
   Center                   Wing                     Time % Phy DF OF 
 1 Vladimir Sobotka         Darren Helm              60     0   4  1  
 2 Saku Koivu               Andrew Ladd              40     0   4  1  

Penalty Kill 4 Players Defense
   Defense                  Defense                  Time % Phy DF OF 
 1 Kimmo Timonen            Andrew MacDonald         55     1   4  0  
 2 Alexander Edler          Andrej Sekera            45     1   4  0  

Penalty Kill - 3 Players Forward 
   Forward                                           Time % Phy DF OF 
 1 Vladimir Sobotka                                  60     0   5  0  
 2 Saku Koivu                                        40     0   5  0  

Penalty Kill - 3 Players Defense
   Defense                  Defense                  Time % Phy DF OF 
 1 Kimmo Timonen            Andrew MacDonald         50     1   4  0  
 2 Alexander Edler          Andrej Sekera            50     1   4  0  

4 vs 4 Forward 
   Center                   Wing                     Time % Phy DF OF 
 1 Nicklas Backstrom        Shane Doan               60     0   1  4  
 2 Nick Bonino              Alexander Semin          40     0   1  4  

4 vs 4 Defense
   Defense                  Defense                  Time % Phy DF OF 
 1 Kimmo Timonen            Andrew MacDonald         50     1   4  0  
 2 Alexander Edler          Andrej Sekera            50     1   4  0  

Last Minutes Offensive
   Center                   Left Wing                Right Wing               Defense                  Defense                  
   Nicklas Backstrom        Andrew Ladd              Shane Doan               Kimmo Timonen            Andrej Sekera            

Last Minutes Defensive
   Center                   Left Wing                Right Wing               Defense                  Defense                  
   Vladimir Sobotka         Darren Helm              Andrew Ladd              Kimmo Timonen            Andrew MacDonald         

Goaltenders
Starting : Roberto Luongo           
Backup : Jean-Sebastien Giguere   

Extra Forwards
Normal : Shane Doan, Mikkel Boedker, Ales Hemsky - PP : Shane Doan, Alexander Semin - PK : Saku Koivu
Extra Defensemen
Normal : Kimmo Timonen, Andrej Sekera, Alexander Edler - PP : Andrej Sekera - PK : Alexander Edler, Andrej Sekera
Penalty Shots
Andrew Ladd, Nick Bonino, Nicklas Backstrom, Saku Koivu, Ales Hemsky

Jets

5 vs 5 Forward 
   Center                   Left Wing                Right Wing               Time % Phy DF OF 
 1 John Tavares             Alex Killorn             Alex Ovechkin            38     0   1  4  
 2 Frans Nielsen            Max Pacioretty           Wayne Simmonds           30     1   1  3  
 3 Kyle Turris              Nick Bjugstad            Marcus Kruger            22     0   2  3  
 4 Ryan Getzlaf             Colin Wilson             Teemu Selanne            10     1   1  3  

5 vs 5 Defense 
   Defense                  Defense                                           Time % Phy DF OF 
 1 Oliver Ekman-Larsson     Erik Johnson                                      35     1   2  2  
 2 Tyler Myers              Danny DeKeyser                                    32     1   2  2  
 3 Ryan Murray              Kris Russell                                      22     1   2  2  
 4 Oliver Ekman-Larsson     Erik Johnson                                      11     1   2  2  

PowerPlay Forward 
   Center                   Left Wing                Right Wing               Time % Phy DF OF 
 1 John Tavares             Max Pacioretty           Alex Ovechkin            60     1   2  2  
 2 Ryan Getzlaf             Kyle Turris              Wayne Simmonds           40     0   2  3  

PowerPlay Defense
   Defense                  Defense                                           Time % Phy DF OF 
 1 Oliver Ekman-Larsson     Kris Russell                                      60     1   2  2  
 2 Tyler Myers              Erik Johnson                                      40     1   2  2  

Penalty Kill 4 Players Forward 
   Center                   Wing                     Time % Phy DF OF 
 1 Frans Nielsen            Marcus Kruger            60     1   4  0  
 2 Kyle Turris              Max Pacioretty           40     1   2  2  

Penalty Kill 4 Players Defense
   Defense                  Defense                  Time % Phy DF OF 
 1 Oliver Ekman-Larsson     Erik Johnson             60     1   3  1  
 2 Tyler Myers              Danny DeKeyser           40     1   3  1  

Penalty Kill - 3 Players Forward 
   Forward                                           Time % Phy DF OF 
 1 Alex Ovechkin                                     60     1   4  0  
 2 Frans Nielsen                                     40     1   4  0  

Penalty Kill - 3 Players Defense
   Defense                  Defense                  Time % Phy DF OF 
 1 Oliver Ekman-Larsson     Erik Johnson             60     1   4  0  
 2 Tyler Myers              Danny DeKeyser           40     1   4  0  

4 vs 4 Forward 
   Center                   Wing                     Time % Phy DF OF 
 1 Max Pacioretty           Alex Ovechkin            60     1   2  2  
 2 Frans Nielsen            John Tavares             40     1   2  2  

4 vs 4 Defense
   Defense                  Defense                  Time % Phy DF OF 
 1 Oliver Ekman-Larsson     Erik Johnson             60     1   2  2  
 2 Tyler Myers              Kris Russell             40     1   2  2  

Last Minutes Offensive
   Center                   Left Wing                Right Wing               Defense                  Defense                  
   John Tavares             Alex Ovechkin            Wayne Simmonds           Oliver Ekman-Larsson     Erik Johnson             

Last Minutes Defensive
   Center                   Left Wing                Right Wing               Defense                  Defense                  
   Frans Nielsen            Max Pacioretty           Marcus Kruger            Oliver Ekman-Larsson     Tyler Myers              

Goaltenders
Starting : Sergei Bobrovsky         
Backup : Tim Thomas               

Extra Forwards
Normal : Ryan Getzlaf, Marcus Kruger, Alex Killorn - PP : Kyle Turris, Marcus Kruger - PK : Alex Killorn
Extra Defensemen
Normal : Kris Russell, Ryan Murray, Tyler Myers - PP : Kris Russell - PK : Ryan Murray, Tyler Myers
Penalty Shots
Wayne Simmonds, Alex Ovechkin, Frans Nielsen, John Tavares, Max Pacioretty

% Time on Ice - Oilers

Lines # - Real PCT - Wanted PCT - Time Play
Normal Forward
1 - 33% - 37% - 16:28
2 - 27% - 33% - 13:20
3 - 25% - 25% - 12:13
4 - 15% - 5% - 7:33
Normal Defense
1 - 37% - 42% - 18:15
2 - 40% - 42% - 19:59
3 - 23% - 16% - 11:20
4 - 0% - 0% - 0:00
PP Forward
1 - 56% - 55% - 2:31
2 - 44% - 45% - 1:58
PP Defense
1 - 54% - 50% - 2:25
2 - 46% - 50% - 2:04
PK Forward
1 - 65% - 60% - 3:53
2 - 35% - 40% - 2:04
PK Defense
1 - 57% - 55% - 3:25
2 - 43% - 45% - 2:32
PK3 Forward
1 - 0% - 60%
2 - 0% - 40%
PK3 Defense
1 - 0% - 50%
2 - 0% - 50%
44 Forward
1 - 99% - 60% - 4:58
2 - 1% - 40% - 0:02
44 Defense
1 - 55% - 50% - 2:46
2 - 45% - 50% - 2:14
Last Minute Offensive  - 0:00
Last Minute Defensive  - 0:00
Total
Forward - 65:00
Defense - 65:00

% Time on Ice - Jets

Lines # - Real PCT - Wanted PCT - Time Play
Normal Forward
1 - 32% - 38% - 16:02
2 - 25% - 30% - 12:35
3 - 21% - 22% - 10:35
4 - 21% - 10% - 10:22
Normal Defense
1 - 33% - 35% - 16:18
2 - 34% - 32% - 16:38
3 - 26% - 22% - 12:43
4 - 8% - 11% - 3:55
PP Forward
1 - 56% - 60% - 3:19
2 - 44% - 40% - 2:38
PP Defense
1 - 57% - 60% - 3:22
2 - 43% - 40% - 2:35
PK Forward
1 - 100% - 60% - 3:01
2 - 0% - 40% - 0:00
PK Defense
1 - 60% - 60% - 1:49
2 - 40% - 40% - 1:12
PK3 Forward
1 - 100% - 60% - 1:28
2 - 0% - 40% - 0:00
PK3 Defense
1 - 68% - 60% - 1:00
2 - 32% - 40% - 0:28
44 Forward
1 - 86% - 60% - 4:17
2 - 14% - 40% - 0:43
44 Defense
1 - 54% - 60% - 2:41
2 - 46% - 40% - 2:19
Last Minute Offensive  - 0:00
Last Minute Defensive  - 0:00
Total
Forward - 65:00
Defense - 65:00

Play by Play

1st period


0:01 of 1st period - Nicklas Backstrom wins face-off versus John Tavares in neutral zone.
0:12 of 1st period - Kimmo Timonen is hit by Alex Ovechkin and loses puck.
0:31 of 1st period - Wrist shot by Alex Ovechkin.
0:31 of 1st period - Shot Blocked by Mikkel Boedker.
2:03 of 1st period - Snap shot by Andrew Ladd.
2:03 of 1st period - Shot Misses the Net.
2:05 of 1st period - Slapshot by Alexander Edler.
2:05 of 1st period - Shot Misses the Net.
3:54 of 1st period - Wrist shot by Frans Nielsen.
3:54 of 1st period - Shot Blocked by Alexander Edler.
4:14 of 1st period - Snap shot by Max Pacioretty.
4:14 of 1st period - Goal by Max Pacioretty - Oilers : 0 - Jets : 1.
4:15 of 1st period - Nick Bonino wins face-off versus Marcus Kruger in neutral zone.
4:35 of 1st period - Backhand shot by Kyle Turris.
4:35 of 1st period - Shot Blocked by David Kolomatis.
4:37 of 1st period - Slapshot by Erik Johnson.
4:37 of 1st period - Shot Blocked by Andrew Ladd.
4:39 of 1st period - Snap shot by Oliver Ekman-Larsson.
4:39 of 1st period - Shot Misses the Net.
4:41 of 1st period - Wrist shot by Oliver Ekman-Larsson.
4:41 of 1st period - Stopped by Roberto Luongo with a rebound.
4:43 of 1st period - Slapshot by Oliver Ekman-Larsson.
4:43 of 1st period - Shot Blocked by Alexander Semin.
4:45 of 1st period - Slapshot by Kyle Turris.
4:45 of 1st period - Shot Misses the Net.
4:47 of 1st period - Slapshot by Kyle Turris.
4:47 of 1st period - Shot Misses the Net.
4:59 of 1st period - Minor Penalty to Andrew Ladd for Roughing.
5:00 of 1st period - Vladimir Sobotka wins face-off versus John Tavares in Oilers zone.
5:06 of 1st period - Icing by Alex Ovechkin.
5:07 of 1st period - Vladimir Sobotka wins face-off versus John Tavares in Jets zone.
5:20 of 1st period - Snap shot by Alex Ovechkin.
5:20 of 1st period - Shot Misses the Net.
6:59 of 1st period - Penalty to Andrew Ladd is over, Andrew Ladd is back on ice.
7:09 of 1st period - Ryan Getzlaf is hit by Mikkel Boedker.
7:42 of 1st period - Icing by Alexander Semin.
7:43 of 1st period - Kyle Turris wins face-off versus Nick Bonino in Oilers zone.
8:29 of 1st period - Wrist shot by Alex Killorn.
8:29 of 1st period - Stopped by Roberto Luongo without a rebound.
8:30 of 1st period - Nicklas Backstrom wins face-off versus John Tavares in Oilers zone.
9:01 of 1st period - Snap shot by Shane Doan.
9:01 of 1st period - Stopped by Sergei Bobrovsky without a rebound.
9:02 of 1st period - Frans Nielsen wins face-off versus Saku Koivu in Jets zone.
9:07 of 1st period - Chris Stewart is hit by Kris Russell and loses puck.
10:23 of 1st period - Snap shot by Ryan Getzlaf.
10:23 of 1st period - Shot Misses the Net.
10:25 of 1st period - Slapshot by Erik Johnson.
10:25 of 1st period - Stopped by Roberto Luongo with a rebound.
10:33 of 1st period - Minor Penalty to Alexander Semin for Hooking.
10:34 of 1st period - Vladimir Sobotka wins face-off versus John Tavares in Oilers zone.
11:20 of 1st period - Wrist shot by Vladimir Sobotka.
11:20 of 1st period - Shot Misses the Net.
12:00 of 1st period - Snap shot by Wayne Simmonds.
12:00 of 1st period - Stopped by Roberto Luongo with a rebound.
12:33 of 1st period - Penalty to Alexander Semin is over, Alexander Semin is back on ice.
12:57 of 1st period - Wrist shot by Nick Bjugstad.
12:57 of 1st period - Shot Misses the Net.
12:59 of 1st period - Snap shot by Danny DeKeyser.
12:59 of 1st period - Stopped by Roberto Luongo without a rebound.
13:00 of 1st period - Nicklas Backstrom wins face-off versus Kyle Turris in Oilers zone.
13:36 of 1st period - Minor Penalty to Shane Doan for Hooking.
13:37 of 1st period - Saku Koivu wins face-off versus John Tavares in Oilers zone.
15:36 of 1st period - Penalty to Shane Doan is over, Shane Doan is back on ice.
16:34 of 1st period - Nick Bonino is hit by Alex Killorn and loses puck.
16:41 of 1st period - Kimmo Timonen is hit by John Tavares and loses puck.
16:45 of 1st period - Icing by Andrew MacDonald.
16:46 of 1st period - John Tavares wins face-off versus Nick Bonino in Oilers zone.
17:07 of 1st period - Snap shot by Max Pacioretty.
17:07 of 1st period - Shot Blocked by Kimmo Timonen.
18:49 of 1st period - Shane Doan is hit by Ryan Getzlaf and loses puck.
19:10 of 1st period - Snap shot by Kyle Turris.
19:10 of 1st period - Deflect By Nick Bjugstad.
19:10 of 1st period - Shot Blocked by Nick Bonino.
19:10 of 1st period - Puck is out of play.
19:11 of 1st period - Kyle Turris wins face-off versus Nick Bonino in Oilers zone.
19:18 of 1st period - Slapshot by Kyle Turris.
19:18 of 1st period - Shot Misses the Net.
19:40 of 1st period - Snap shot by Chris Stewart.
19:40 of 1st period - Shot Misses the Net.
19:42 of 1st period - Slapshot by Alexander Edler.
19:42 of 1st period - Deflect By Tyler Myers.
19:42 of 1st period - Stopped by Sergei Bobrovsky with a rebound.
19:44 of 1st period - Slapshot by Alexander Edler.
19:44 of 1st period - Shot Misses the Net.
19:46 of 1st period - Slapshot by Alexander Edler.
19:46 of 1st period - Shot Blocked by Tyler Myers.
19:48 of 1st period - Slapshot by Alexander Edler.
19:48 of 1st period - Stopped by Sergei Bobrovsky without a rebound.
19:49 of 1st period - Frans Nielsen wins face-off versus Ales Hemsky in Jets zone.
Goals for this period are 0 for Oilers vs 1 for Jets.
Shots for this period are 3 for Oilers vs 6 for Jets.

2nd period


0:01 of 2nd period - John Tavares wins face-off versus Vladimir Sobotka in neutral zone.
0:16 of 2nd period - Slapshot by John Tavares.
0:16 of 2nd period - Stopped by Roberto Luongo without a rebound.
0:17 of 2nd period - Vladimir Sobotka wins face-off versus John Tavares in Oilers zone.
1:03 of 2nd period - Wrist shot by Andrew Ladd.
1:03 of 2nd period - Stopped by Sergei Bobrovsky without a rebound.
1:04 of 2nd period - Frans Nielsen wins face-off versus Nick Bonino in Jets zone.
1:06 of 2nd period - Minor Penalty to Wayne Simmonds for Hooking.
1:07 of 2nd period - Frans Nielsen wins face-off versus Nicklas Backstrom in Jets zone.
1:15 of 2nd period - Frans Nielsen is hit by Nicklas Backstrom and loses puck.
1:37 of 2nd period - Minor Penalty to Oliver Ekman-Larsson for Hooking.
1:38 of 2nd period - Mikkel Boedker wins face-off versus Alex Ovechkin in Jets zone.
2:37 of 2nd period - Wrist shot by Nicklas Backstrom.
2:37 of 2nd period - Stopped by Sergei Bobrovsky without a rebound.
2:38 of 2nd period - Nicklas Backstrom wins face-off versus Alex Ovechkin in Jets zone.
3:01 of 2nd period - Snap shot by Alexander Semin.
3:01 of 2nd period - Shot Blocked by Danny DeKeyser.
3:06 of 2nd period - Penalty to Wayne Simmonds is over, Wayne Simmonds is back on ice.
3:37 of 2nd period - Penalty to Oliver Ekman-Larsson is over, Oliver Ekman-Larsson is back on ice.
3:42 of 2nd period - Oliver Ekman-Larsson is hit by Nicklas Backstrom and loses puck.
4:36 of 2nd period - David Kolomatis is hit by Colin Wilson and loses puck.
4:46 of 2nd period - Icing by Andrej Sekera.
4:47 of 2nd period - Frans Nielsen wins face-off versus Saku Koivu in Oilers zone.
4:52 of 2nd period - Snap shot by Wayne Simmonds.
4:52 of 2nd period - Stopped by Roberto Luongo with a rebound.
5:08 of 2nd period - Vladimir Sobotka is hit by Wayne Simmonds and loses puck.
5:38 of 2nd period - Snap shot by Kyle Turris.
5:38 of 2nd period - Stopped by Roberto Luongo without a rebound.
5:39 of 2nd period - Nick Bonino wins face-off versus Kyle Turris in Oilers zone.
5:46 of 2nd period - Slapshot by Andrew Ladd.
5:46 of 2nd period - Shot Misses the Net.
6:31 of 2nd period - John Tavares is hit by Shane Doan and loses puck.
6:38 of 2nd period - Andrej Sekera is hit by Erik Johnson and loses puck.
7:19 of 2nd period - Wrist shot by Colin Wilson.
7:19 of 2nd period - Stopped by Roberto Luongo with a rebound.
7:21 of 2nd period - Slapshot by Tyler Myers.
7:21 of 2nd period - Shot Blocked by Andrej Sekera.
8:15 of 2nd period - Snap shot by Kyle Turris.
8:15 of 2nd period - Stopped by Roberto Luongo with a rebound.
8:17 of 2nd period - Wrist shot by Kyle Turris.
8:17 of 2nd period - Stopped by Roberto Luongo with a rebound.
8:19 of 2nd period - Slapshot by Tyler Myers.
8:19 of 2nd period - Shot Misses the Net.
8:21 of 2nd period - Wrist shot by Kyle Turris.
8:21 of 2nd period - Stopped by Roberto Luongo with a rebound.
8:23 of 2nd period - Slapshot by Tyler Myers.
8:23 of 2nd period - Stopped by Roberto Luongo with a rebound.
8:25 of 2nd period - Slapshot by Danny DeKeyser.
8:25 of 2nd period - Stopped by Roberto Luongo with a rebound.
8:37 of 2nd period - Andrej Sekera is hit by Nick Bjugstad and loses puck.
9:06 of 2nd period - Snap shot by John Tavares.
9:06 of 2nd period - Stopped by Roberto Luongo without a rebound.
9:07 of 2nd period - Ryan Getzlaf wins face-off versus Nick Bonino in Oilers zone.
9:28 of 2nd period - Slapshot by Alexander Semin.
9:28 of 2nd period - Stopped by Sergei Bobrovsky with a rebound.
9:30 of 2nd period - Slapshot by Andrew MacDonald.
9:30 of 2nd period - Deflect By Alexander Semin.
9:30 of 2nd period - Shot Misses the Net.
9:30 of 2nd period - Puck is out of play.
9:31 of 2nd period - Darren Helm wins face-off versus Max Pacioretty in Jets zone.
10:22 of 2nd period - David Kolomatis is hit by Alex Ovechkin and loses puck.
11:19 of 2nd period - Wrist shot by Marcus Kruger.
11:19 of 2nd period - Shot Misses the Net.
11:38 of 2nd period - Wrist shot by Nick Bjugstad.
11:38 of 2nd period - Shot Misses the Net.
11:40 of 2nd period - Slapshot by Kris Russell.
11:40 of 2nd period - Deflect By Kimmo Timonen.
11:40 of 2nd period - Stopped by Roberto Luongo without a rebound.
11:41 of 2nd period - Frans Nielsen wins face-off versus Vladimir Sobotka in Oilers zone.
11:52 of 2nd period - Wrist shot by Ales Hemsky.
11:52 of 2nd period - Shot Misses the Net.
11:54 of 2nd period - Snap shot by David Kolomatis.
11:54 of 2nd period - Stopped by Sergei Bobrovsky without a rebound.
11:55 of 2nd period - Max Pacioretty wins face-off versus Vladimir Sobotka in Jets zone.
12:49 of 2nd period - Snap shot by Brayden Schenn.
12:49 of 2nd period - Stopped by Sergei Bobrovsky with a rebound.
13:49 of 2nd period - Kimmo Timonen is hit by Alex Ovechkin and loses puck.
14:07 of 2nd period - Alexander Edler is hit by Nick Bjugstad and loses puck.
14:31 of 2nd period - Snap shot by Oliver Ekman-Larsson.
14:31 of 2nd period - Stopped by Roberto Luongo with a rebound.
14:59 of 2nd period - Wrist shot by Wayne Simmonds.
14:59 of 2nd period - Stopped by Roberto Luongo with a rebound.
15:01 of 2nd period - Snap shot by Frans Nielsen.
15:01 of 2nd period - Shot Misses the Net.
15:03 of 2nd period - Slapshot by Oliver Ekman-Larsson.
15:03 of 2nd period - Stopped by Roberto Luongo with a rebound.
15:05 of 2nd period - Slapshot by Oliver Ekman-Larsson.
15:05 of 2nd period - Shot Blocked by Mikkel Boedker.
15:13 of 2nd period - Alexander Edler is hit by Erik Johnson and loses puck.
16:18 of 2nd period - Snap shot by John Tavares.
16:18 of 2nd period - Deflect By Alex Ovechkin.
16:18 of 2nd period - Stopped by Roberto Luongo with a rebound.
16:20 of 2nd period - Slapshot by Oliver Ekman-Larsson.
16:20 of 2nd period - Shot Misses the Net.
16:34 of 2nd period - Andrew MacDonald is hit by Erik Johnson and loses puck.
16:59 of 2nd period - Snap shot by Marcus Kruger.
16:59 of 2nd period - Stopped by Roberto Luongo with a rebound.
17:27 of 2nd period - David Kolomatis is hit by Wayne Simmonds and loses puck.
17:42 of 2nd period - Snap shot by Max Pacioretty.
17:42 of 2nd period - Stopped by Roberto Luongo with a rebound.
17:44 of 2nd period - Wrist shot by Max Pacioretty.
17:44 of 2nd period - Shot Misses the Net.
17:46 of 2nd period - Snap shot by Wayne Simmonds.
17:46 of 2nd period - Stopped by Roberto Luongo with a rebound.
18:17 of 2nd period - Snap shot by Nicklas Backstrom.
18:17 of 2nd period - Stopped by Sergei Bobrovsky without a rebound.
18:18 of 2nd period - Nicklas Backstrom wins face-off versus John Tavares in Jets zone.
18:21 of 2nd period - Slapshot by Mikkel Boedker.
18:21 of 2nd period - Stopped by Sergei Bobrovsky with a rebound.
18:23 of 2nd period - Slapshot by Andrej Sekera.
18:23 of 2nd period - Shot Blocked by Oliver Ekman-Larsson.
18:25 of 2nd period - Wrist shot by Shane Doan.
18:25 of 2nd period - Shot Blocked by Erik Johnson.
18:27 of 2nd period - Slapshot by Alexander Edler.
18:27 of 2nd period - Shot Misses the Net.
18:29 of 2nd period - Wrist shot by Mikkel Boedker.
18:29 of 2nd period - Shot Blocked by Erik Johnson.
18:31 of 2nd period - Slapshot by Alexander Edler.
18:31 of 2nd period - Stopped by Sergei Bobrovsky with a rebound.
18:33 of 2nd period - Slapshot by Alexander Edler.
18:33 of 2nd period - Stopped by Sergei Bobrovsky with a rebound.
18:35 of 2nd period - Slapshot by Alexander Edler.
18:35 of 2nd period - Stopped by Sergei Bobrovsky with a rebound.
18:37 of 2nd period - Wrist shot by Mikkel Boedker.
18:37 of 2nd period - Stopped by Sergei Bobrovsky without a rebound.
18:38 of 2nd period - John Tavares wins face-off versus Shane Doan in Jets zone.
19:03 of 2nd period - Oliver Ekman-Larsson is hit by Shane Doan and loses puck.
19:34 of 2nd period - Slapshot by Wayne Simmonds.
19:34 of 2nd period - Shot Misses the Net.
19:44 of 2nd period - Frans Nielsen is hit by Andrew Ladd and loses puck.
Goals for this period are 0 for Oilers vs 0 for Jets.
Shots for this period are 11 for Oilers vs 18 for Jets.

3rd period


0:01 of 3rd period - Nicklas Backstrom wins face-off versus John Tavares in neutral zone.
0:32 of 3rd period - Snap shot by Nicklas Backstrom.
0:32 of 3rd period - Stopped by Sergei Bobrovsky with a rebound.
1:02 of 3rd period - Alexander Semin is hit by Wayne Simmonds and loses puck.
1:25 of 3rd period - Slapshot by Alexander Semin.
1:25 of 3rd period - Shot Misses the Net.
1:27 of 3rd period - Slapshot by Kimmo Timonen.
1:27 of 3rd period - Deflect By Frans Nielsen.
1:27 of 3rd period - Stopped by Sergei Bobrovsky with a rebound.
1:29 of 3rd period - Slapshot by Kimmo Timonen.
1:29 of 3rd period - Shot Misses the Net.
1:45 of 3rd period - Wrist shot by Darren Helm.
1:45 of 3rd period - Deflect By Ales Hemsky.
1:45 of 3rd period - Goal by Ales Hemsky - Oilers : 1 - Jets : 1.
1:46 of 3rd period - Vladimir Sobotka wins face-off versus John Tavares in neutral zone.
2:05 of 3rd period - Slapshot by Alexander Edler.
2:05 of 3rd period - Stopped by Sergei Bobrovsky without a rebound.
2:06 of 3rd period - John Tavares wins face-off versus Darren Helm in Jets zone.
2:21 of 3rd period - Ales Hemsky is hit by John Tavares.
2:34 of 3rd period - Slapshot by John Tavares.
2:34 of 3rd period - Stopped by Roberto Luongo with a rebound.
2:52 of 3rd period - Snap shot by Mikkel Boedker.
2:52 of 3rd period - Shot Blocked by Marcus Kruger.
2:54 of 3rd period - Slapshot by Kimmo Timonen.
2:54 of 3rd period - Shot Blocked by Ryan Murray.
3:06 of 3rd period - Andrew MacDonald is hit by Ryan Murray and loses puck.
3:41 of 3rd period - Oliver Ekman-Larsson is hit by Marc Cantin and loses puck.
4:45 of 3rd period - Snap shot by Brayden Schenn.
4:45 of 3rd period - Stopped by Sergei Bobrovsky without a rebound.
4:46 of 3rd period - Vladimir Sobotka wins face-off versus John Tavares in Jets zone.
5:56 of 3rd period - Snap shot by Shane Doan.
5:56 of 3rd period - Stopped by Sergei Bobrovsky with a rebound.
5:58 of 3rd period - Slapshot by Andrew MacDonald.
5:58 of 3rd period - Shot Blocked by Kris Russell.
6:00 of 3rd period - Snap shot by Shane Doan.
6:00 of 3rd period - Deflect By Nicklas Backstrom.
6:00 of 3rd period - Shot Blocked by Kris Russell.
6:00 of 3rd period - Puck is out of play.
6:01 of 3rd period - Frans Nielsen wins face-off versus Nicklas Backstrom in Jets zone.
6:30 of 3rd period - Wrist shot by Frans Nielsen.
6:30 of 3rd period - Shot Misses the Net.
6:57 of 3rd period - Kimmo Timonen is hit by Ryan Getzlaf and loses puck.
7:52 of 3rd period - Snap shot by John Tavares.
7:52 of 3rd period - Shot Misses the Net.
8:25 of 3rd period - Kyle Turris is hit by Vladimir Sobotka and loses puck.
8:43 of 3rd period - Snap shot by Vladimir Sobotka.
8:43 of 3rd period - Stopped by Sergei Bobrovsky without a rebound.
8:44 of 3rd period - Frans Nielsen wins face-off versus Shane Doan in Jets zone.
9:42 of 3rd period - Kris Russell is hit by David Kolomatis and loses puck.
9:51 of 3rd period - Snap shot by Alexander Semin.
9:51 of 3rd period - Stopped by Sergei Bobrovsky with a rebound.
10:02 of 3rd period - Snap shot by Ryan Murray.
10:02 of 3rd period - Deflect By John Tavares.
10:02 of 3rd period - Shot Misses the Net.
10:02 of 3rd period - Puck is out of play.
10:03 of 3rd period - Vladimir Sobotka wins face-off versus Kyle Turris in Oilers zone.
10:18 of 3rd period - Snap shot by Ales Hemsky.
10:18 of 3rd period - Shot Misses the Net.
10:20 of 3rd period - Wrist shot by Vladimir Sobotka.
10:20 of 3rd period - Deflect By Ales Hemsky.
10:20 of 3rd period - Stopped by Sergei Bobrovsky with a rebound.
10:22 of 3rd period - Backhand shot by Andrej Sekera.
10:22 of 3rd period - Stopped by Sergei Bobrovsky with a rebound.
10:24 of 3rd period - Slapshot by Andrej Sekera.
10:24 of 3rd period - Deflect By Kyle Turris.
10:24 of 3rd period - Stopped by Sergei Bobrovsky with a rebound.
10:26 of 3rd period - Slapshot by Andrej Sekera.
10:26 of 3rd period - Deflect By Ales Hemsky.
10:26 of 3rd period - Shot Misses the Net.
10:26 of 3rd period - Puck is out of play.
10:27 of 3rd period - Nicklas Backstrom wins face-off versus Ryan Getzlaf in Jets zone.
10:37 of 3rd period - Minor Penalty to Ryan Murray for Hooking.
10:38 of 3rd period - Frans Nielsen wins face-off versus Nicklas Backstrom in Jets zone.
10:38 of 3rd period - Frans Nielsen is hit by Kimmo Timonen.
10:47 of 3rd period - Wrist shot by Frans Nielsen.
10:47 of 3rd period - Stopped by Roberto Luongo with a rebound.
11:25 of 3rd period - Off-side.
11:26 of 3rd period - Frans Nielsen wins face-off versus Vladimir Sobotka in neutral zone.
11:37 of 3rd period - Wrist shot by Mikkel Boedker.
11:37 of 3rd period - Shot Misses the Net.
11:39 of 3rd period - Wrist shot by Vladimir Sobotka.
11:39 of 3rd period - Deflect By Darren Helm.
11:39 of 3rd period - Shot Misses the Net.
11:39 of 3rd period - Puck is out of play.
11:40 of 3rd period - Frans Nielsen wins face-off versus Vladimir Sobotka in Jets zone.
12:02 of 3rd period - Wrist shot by Mikkel Boedker.
12:02 of 3rd period - Shot Blocked by Danny DeKeyser.
12:04 of 3rd period - Snap shot by Mikkel Boedker.
12:04 of 3rd period - Stopped by Sergei Bobrovsky with a rebound.
12:06 of 3rd period - Slapshot by Darren Helm.
12:06 of 3rd period - Shot Blocked by Tyler Myers.
12:08 of 3rd period - Backhand shot by Nick Bonino.
12:08 of 3rd period - Shot Blocked by Danny DeKeyser.
12:10 of 3rd period - Snap shot by Darren Helm.
12:10 of 3rd period - Deflect By Mikkel Boedker.
12:10 of 3rd period - Shot Misses the Net.
12:10 of 3rd period - Puck is out of play.
12:11 of 3rd period - Frans Nielsen wins face-off versus Shane Doan in Jets zone.
12:31 of 3rd period - Slapshot by Andrew Ladd.
12:31 of 3rd period - Shot Misses the Net.
12:33 of 3rd period - Snap shot by Shane Doan.
12:33 of 3rd period - Stopped by Sergei Bobrovsky with a rebound.
12:37 of 3rd period - Penalty to Ryan Murray is over, Ryan Murray is back on ice.
13:21 of 3rd period - Snap shot by John Tavares.
13:21 of 3rd period - Shot Blocked by Kimmo Timonen.
13:23 of 3rd period - Wrist shot by John Tavares.
13:23 of 3rd period - Deflect By Alex Killorn.
13:23 of 3rd period - Shot Blocked by Andrew Ladd.
13:23 of 3rd period - Puck is out of play.
13:24 of 3rd period - Vladimir Sobotka wins face-off versus John Tavares in Oilers zone.
14:34 of 3rd period - Snap shot by Mikkel Boedker.
14:34 of 3rd period - Stopped by Sergei Bobrovsky without a rebound.
14:35 of 3rd period - John Tavares wins face-off versus Nick Bonino in Jets zone.
14:35 of 3rd period - John Tavares is hit by Andrew Ladd.
14:41 of 3rd period - Snap shot by Oliver Ekman-Larsson.
14:41 of 3rd period - Stopped by Roberto Luongo with a rebound.
14:43 of 3rd period - Slapshot by Alex Ovechkin.
14:43 of 3rd period - Shot Misses the Net.
14:45 of 3rd period - Slapshot by Oliver Ekman-Larsson.
14:45 of 3rd period - Stopped by Roberto Luongo with a rebound.
15:29 of 3rd period - Oliver Ekman-Larsson is hit by Chris Stewart and loses puck.
15:36 of 3rd period - Snap shot by Chris Stewart.
15:36 of 3rd period - Stopped by Sergei Bobrovsky without a rebound.
15:37 of 3rd period - Ryan Getzlaf wins face-off versus Mikkel Boedker in Jets zone.
15:58 of 3rd period - Snap shot by Mikkel Boedker.
15:58 of 3rd period - Shot Misses the Net.
16:00 of 3rd period - Slapshot by Andrej Sekera.
16:00 of 3rd period - Shot Misses the Net.
16:02 of 3rd period - Slapshot by Alexander Edler.
16:02 of 3rd period - Shot Blocked by Ryan Getzlaf.
16:04 of 3rd period - Slapshot by Alexander Edler.
16:04 of 3rd period - Stopped by Sergei Bobrovsky without a rebound.
16:05 of 3rd period - Vladimir Sobotka wins face-off versus John Tavares in Jets zone.
16:32 of 3rd period - Icing by Ales Hemsky.
16:33 of 3rd period - Kyle Turris wins face-off versus Vladimir Sobotka in Oilers zone.
16:40 of 3rd period - Backhand shot by Nick Bjugstad.
16:40 of 3rd period - Stopped by Roberto Luongo with a rebound.
16:48 of 3rd period - Snap shot by Kyle Turris.
16:48 of 3rd period - Shot Misses the Net.
16:50 of 3rd period - Wrist shot by Marcus Kruger.
16:50 of 3rd period - Deflect By Kyle Turris.
16:50 of 3rd period - Stopped by Roberto Luongo without a rebound.
16:51 of 3rd period - Kyle Turris wins face-off versus Nick Bonino in Oilers zone.
17:04 of 3rd period - Snap shot by Kyle Turris.
17:04 of 3rd period - Shot Misses the Net.
17:06 of 3rd period - Snap shot by Kyle Turris.
17:06 of 3rd period - Stopped by Roberto Luongo without a rebound.
17:07 of 3rd period - Nick Bonino wins face-off versus Alex Ovechkin in Oilers zone.
17:07 of 3rd period - Nick Bonino is hit by Danny DeKeyser.
17:29 of 3rd period - Snap shot by John Tavares.
17:29 of 3rd period - Shot Misses the Net.
18:23 of 3rd period - Andrej Sekera is hit by Frans Nielsen and loses puck.
18:32 of 3rd period - Snap shot by Frans Nielsen.
18:32 of 3rd period - Shot Misses the Net.
18:56 of 3rd period - Marcus Kruger is hit by Mikkel Boedker and loses puck.
19:03 of 3rd period - Shane Doan is hit by Nick Bjugstad and loses puck.
19:33 of 3rd period - Kris Russell is hit by Vladimir Sobotka and loses puck.
19:44 of 3rd period - Tyler Myers is hit by Alexander Edler and loses puck.
19:49 of 3rd period - Wrist shot by Ales Hemsky.
19:49 of 3rd period - Stopped by Sergei Bobrovsky with a rebound.
19:57 of 3rd period - Snap shot by Ryan Getzlaf.
19:57 of 3rd period - Stopped by Roberto Luongo with a rebound.
19:59 of 3rd period - Wrist shot by Teemu Selanne.
19:59 of 3rd period - Stopped by Roberto Luongo without a rebound.
Goals for this period are 1 for Oilers vs 0 for Jets.
Shots for this period are 17 for Oilers vs 9 for Jets.

Overtime #1


0:01 of 1st overtime period - Nicklas Backstrom wins face-off versus Max Pacioretty in neutral zone.
0:34 of 1st overtime period - Snap shot by Alex Ovechkin.
0:34 of 1st overtime period - Shot Blocked by Andrew MacDonald.
0:36 of 1st overtime period - Snap shot by Oliver Ekman-Larsson.
0:36 of 1st overtime period - Deflect By Max Pacioretty.
0:36 of 1st overtime period - Stopped by Roberto Luongo without a rebound.
0:37 of 1st overtime period - Nicklas Backstrom wins face-off versus Max Pacioretty in Oilers zone.
1:37 of 1st overtime period - Kimmo Timonen is hit by Alex Ovechkin and loses puck.
2:14 of 1st overtime period - Snap shot by Ryan Getzlaf.
2:14 of 1st overtime period - Stopped by Roberto Luongo with a rebound.
2:20 of 1st overtime period - Snap shot by Oliver Ekman-Larsson.
2:20 of 1st overtime period - Stopped by Roberto Luongo with a rebound.
2:40 of 1st overtime period - Nicklas Backstrom is hit by Alex Killorn and loses puck.
3:34 of 1st overtime period - Oliver Ekman-Larsson is hit by Kimmo Timonen and loses puck.
3:47 of 1st overtime period - Icing by Kimmo Timonen.
3:48 of 1st overtime period - Frans Nielsen wins face-off versus Darren Helm in Oilers zone.
3:51 of 1st overtime period - Snap shot by Frans Nielsen.
3:51 of 1st overtime period - Shot Misses the Net.
4:06 of 1st overtime period - Snap shot by Frans Nielsen.
4:06 of 1st overtime period - Stopped by Roberto Luongo with a rebound.
4:08 of 1st overtime period - Snap shot by Erik Johnson.
4:08 of 1st overtime period - Stopped by Roberto Luongo with a rebound.
4:10 of 1st overtime period - Slapshot by Erik Johnson.
4:10 of 1st overtime period - Stopped by Roberto Luongo without a rebound.
4:11 of 1st overtime period - Shane Doan wins face-off versus Ryan Getzlaf in Oilers zone.
4:20 of 1st overtime period - Slapshot by Shane Doan.
4:20 of 1st overtime period - Shot Misses the Net.
4:22 of 1st overtime period - Slapshot by Alexander Edler.
4:22 of 1st overtime period - Shot Misses the Net.
4:24 of 1st overtime period - Slapshot by Andrej Sekera.
4:24 of 1st overtime period - Shot Misses the Net.
4:26 of 1st overtime period - Snap shot by Shane Doan.
4:26 of 1st overtime period - Stopped by Sergei Bobrovsky with a rebound.
4:28 of 1st overtime period - Snap shot by Shane Doan.
4:28 of 1st overtime period - Stopped by Sergei Bobrovsky without a rebound.
4:29 of 1st overtime period - Nicklas Backstrom wins face-off versus Ryan Getzlaf in Jets zone.
4:50 of 1st overtime period - Snap shot by Shane Doan.
4:50 of 1st overtime period - Shot Misses the Net.
Goals for this period are 0 for Oilers vs 0 for Jets.
Shots for this period are 2 for Oilers vs 6 for Jets.

ShootOut


5:00 of 1st overtime period - Penalty Shot by Andrew Ladd for Oilers.
5:00 of 1st overtime period - Wrist shot by Andrew Ladd.
5:00 of 1st overtime period - Stopped by Sergei Bobrovsky.
5:00 of 1st overtime period - Penalty Shot by Wayne Simmonds for Jets.
5:00 of 1st overtime period - Backhand shot by Wayne Simmonds.
5:00 of 1st overtime period - Shot Misses the Net.
5:00 of 1st overtime period - Penalty Shot by Nick Bonino for Oilers.
5:00 of 1st overtime period - Snap shot by Nick Bonino.
5:00 of 1st overtime period - Stopped by Sergei Bobrovsky.
5:00 of 1st overtime period - Penalty Shot by Alex Ovechkin for Jets.
5:00 of 1st overtime period - Wrist shot by Alex Ovechkin.
5:00 of 1st overtime period - Goal by Alex Ovechkin.
5:00 of 1st overtime period - Penalty Shot by Nicklas Backstrom for Oilers.
5:00 of 1st overtime period - Snap shot by Nicklas Backstrom.
5:00 of 1st overtime period - Stopped by Sergei Bobrovsky.


Output by the SimonT Hockey Simulator (STHS) for Eric Dolegowski -- Original Page W3C XHTML 1.0 Valid
Hockey Simulator - Hockey Simulation - Hockey Manager